 Dungeon Crawl Stone Soup version 0.26-a0-1164-g1a551d6a14 (webtiles) character file.

Game seed: 2568110273114858515

168 mg7810 the Sneak (level 5, -1/45 HPs)
             Began as a Draconian Delver on Dec 23, 2020.
             Was an Initiate of Dithmenos.
             Slain by a goblin
             ... wielding a +4 dagger
             ... led by Robin
              (10 damage)
             ... on level 3 of the Dungeon.
             The game lasted 00:07:32 (3297 turns).

mg7810 the Sneak (Draconian Delver)                 Turns: 3297, Time: 00:07:35

Health: -1/45      AC:  8    Str: 16    XL:     5   Next: 23%
Magic:  5/5        EV: 12    Int: 10    God:    Dithmenos [......]
Gold:   118        SH:  0    Dex: 12    Spells: 4/4 levels left

rFire    . . .     SeeInvis .   a - +0 hand axe
rCold    . . .     Faith    .   (no shield)
rNeg     . . .     Spirit   .   (armour unavailable)
rPois    .         Reflect  .   (helmet restricted)
rElec    .         Harm     .   (no cloak)
rCorr    .         Rampage  .   h - +2 pair of gloves
Will     .....                  (no boots)
Stlth    +++.......             (no amulet)
HPRegen  0.15/turn              (no ring)
MPRegen  0.09/turn              (no ring)

@: no status effects
A: unfitting armour, cold-blooded, AC +5
a: Renounce Religion


You were on level 3 of the Dungeon.
You worshipped Dithmenos.
Dithmenos was noncommittal.
You visited 1 branch of the dungeon, and saw 5 of its levels.

You collected 118 gold pieces.

Inventory:

Hand Weapons
 a - a +0 hand axe (weapon)
Missiles
 g - 6 poisoned darts (quivered)
Armour
 h - a +2 pair of gloves (worn)
Jewellery
 k - an uncursed ring of fire
Wands
 f - a wand of digging (3)
Scrolls
 b - a scroll of fog
 c - 2 scrolls of magic mapping
 d - 2 scrolls of fear
 e - a scroll of remove curse
 j - a scroll of blinking {unknown}
 l - a scroll of teleportation {unknown}


   Skills:
 + Level 3.6 Fighting
 + Level 3.1 Axes
 * Level 1.1 Throwing
 + Level 2.4 Dodging
 + Level 5.0 Stealth
 * Level 1.6 Unarmed Combat
 * Level 1.5 Evocations


You had 4 spell levels left.
You didn't know any spells.
Your spell library was empty.

Dungeon Overview and Level Annotations

Branches:
Dungeon (5/15)
 Temple: D:4-7

Altars:
Dithmenos

Annotations:
D:3 Robin


Innate Abilities, Weirdness & Mutations

Your plain brown scales are hard. (AC +5)
You cannot fit into any form of body armour.
You are cold-blooded and may be slowed by cold attacks.


Message History

The goblin barely misses you. The goblin hits you but does no damage.
You closely miss the goblin. You hit the goblin.
You kill the goblin!
Dithmenos accepts your kill. The goblin hits you but does no damage.
You closely miss the goblin.
Robin points. "Kill!"
The goblin hits you with a +4 dagger.
* * * LOW HITPOINT WARNING * * *
You hit the goblin. Your punch misses the goblin.
The goblin is moderately wounded.
You barely miss Robin. Robin hits you but does no damage.
The goblin hits you but does no damage.
You barely miss the goblin.
The goblin is moderately wounded.
You barely miss Robin.
You feel less wooden.
Your +2 pair of gloves unmelds from your body.
Robin hits you but does no damage. The goblin hits you with a +4 dagger!
You die...

.##....#.####.#......#.
##.#.#.# #.#..#..... #
#(#)# #....#....#
#.#####.#.# ###.#######
#......gg.# #.....#
#######g### #.....# ###
#g# ##.....###.. #g#
#.......>#.# #@#
#......#.#.# #g#
#.##.###.#.# ........#
#.##.###.#.. #########
#.##........
#.######.#.. #.# #.###
#.######.# #........#
##########


You could see Robin, 2 hobgoblins and 3 goblins.

Vanquished Creatures
  4 gnolls (D:3)
  5 adders
  5 worms (D:2)
  2 dart slugs (D:2)
  A leopard gecko (D:2)
  An orc (D:3)
  A ball python (D:3)
  4 bats (D:2)
  4 giant cockroaches
  11 goblins
  5 hobgoblins
  8 jackals
  5 frilled lizards
  3 kobolds
  6 rats
65 creatures vanquished.

Notes
Turn   | Place    | Note
-------+----------+-------------------------------------------
     0 | D:5      | mg7810 the Draconian Delver began the quest for the Orb.
     0 | D:5      | Reached XP level 1. HP: 19/19 MP: 1/1
    45 | D:5      | Reached XP level 2. HP: 10/26 MP: 2/2
  1194 | D:2      | Reached skill level 1 in Unarmed Combat
  1204 | D:2      | Reached XP level 3. HP: 10/31 MP: 3/3
  1550 | D:2      | Reached skill level 5 in Stealth
  2065 | D:2      | Reached skill level 1 in Evocations
  2119 | D:2      | Reached XP level 4. HP: 32/38 MP: 4/4
  2848 | D:3      | Found a shadowy altar of Dithmenos.
  2877 | D:3      | Became a worshipper of Dithmenos the Shadowed
  2991 | D:3      | Reached skill level 1 in Throwing
  3265 | D:3      | Reached XP level 5. HP: 21/45 MP: 5/5
  3265 | D:3      | Noticed Robin
  3297 | D:3      | Slain by a goblin

Illustrated notes

Levels and vault maps discovered:
D:1:      dpeg_arrival_windows_large_door, layout_basic, minmay_pentomino_t2
D:2:      layout_basic
D:3:      layout_loops_corners, ebering_ghost_disaster_area,
          nicolae_dithmenos_shadow_blocks, uniq_robin
D:4:      layout_rooms, minitemple
D:5:      layout_cave_pools, serial_shops, shop, nicolae_shop_trees,
          minmay_misc_feat_x, minmay_puff

Skill      XL: |  1  2  3  4 |
---------------+-------------+-----
Unarmed Combat | 1 |  1.6
Stealth        | 5 |  5.0
Evocations     | 1 |  1.5
Dodging        | 2 |  2.4
Throwing       | 1 |  1.1
Axes           | 3 |  3.1
Fighting       | |  3.6

Action                   |  1- 3 |  4- 6 || total
-------------------------+-------+-------++-------
Melee: Hand axe          |   159 |    95 ||   254
       Tailslap          |    24 |     9 ||    33
       Punch             |     1 |     1 ||     2
Throw: Dart              |       |    17 ||    17
  Use: Potion            |     1 |     1 ||     2
       Scroll            |       |     2 ||     2
 Stab: Sleeping          |     2 |     3 ||     5
Armor: Skin              |    52 |    84 ||   136
Dodge: Dodged            |    95 |    46 ||   141

Table legend: (Time is in decaauts)
 A = Elapsed time spent in this place.
 B = Non-inter-level travel time spent in this place.
 C = Inter-level travel time spent in this place.
 D = Time resting spent in this place.
 E = Time spent auto-exploring this place.
 F = Levels seen in this place.
 G = Mean time per level.
                   A        B        C        D        E       F      G
               +--------+--------+--------+--------+--------+-----+--------+
         Total |   3329 |   3263 |     66 |    253 |   2250 |   5 |  665.8 |
       Dungeon |   3329 |   3263 |     66 |    253 |   2250 |   5 |  665.8 |
               +--------+--------+--------+--------+--------+-----+--------+

Top non-repeatable levels by time:
     D:2: 1684 daAuts
     D:1: 763 daAuts
     D:3: 534 daAuts
     D:5: 327 daAuts
     D:4: 18 daAuts
